AoeStats
← Facuxx26

Black Forest

506179356Analyzed
4v4 RM · 21d ago on Sep 12, 2026· 44m 43s· 8 players
Game mode
Random Map
Map size
Large (8 player)
Population
200
Speed
Normal
Resources
Standard
Victory
Conquest
Starting age
Dark Age
Ending age
Imperial Age
RankedLock teamsTeams togetherTeam positionsShared explorationLock speedFull tech treeHidden civsTurbo modeCheats
Victory
Defeat
🇫🇮 Mongols · Finland
1020
+9
🇮🇳 Lithuanians · India
913
+13
🇫🇮 Poles · Finland
905
+14
🇮🇪 Bohemians · Ireland
875
+15
🇧🇷 Persians · Brazil
921
-15
🇨🇴 Spanish · Colombia
907
-15
🇦🇷 Celts · Argentina
885
-14
🇧🇷 Mongols · Brazil
700
-7
Facuxx26
0:29 Loom
12:24 Feudal Age
14:50 Wheelbarrow
18:54 Castle Age
17:18 Horse Collar
17:36 Double-Bit Axe
18:12 Stone Mining
18:51 Gold Mining
21:43 Bow Saw
29:41 Caravan
29:52 Heavy Plow
34:46 Imperial Age
33:15 Hand Cart
34:25 Pikeman
34:57 Cavalier
37:18 Chemistry
36:26 Scale Barding Armor
36:22 Scale Mail Armor
36:35 Forging
36:46 Onager
38:38 Paladin
40:49 Chain Barding Armor
40:34 Halberdier
kittarington
0:37 Loom
10:55 Feudal Age
13:59 Wheelbarrow
18:53 Town Watch
21:32 Castle Age
21:58 Gold Mining
23:50 Double-Bit Axe
24:30 Fishing Lines
27:10 Stone Mining
28:47 Redemption
32:34 Imperial Age
32:01 Pikeman
32:26 Gambesons
32:42 Squires
32:47 Horse Collar
33:57 Hand Cart
34:07 Gillnets
34:42 Forging
34:40 Capped Ram
36:53 Heavy Plow
36:26 Halberdier
39:31 Stone Shaft Mining
40:08 Elite Conquistador
41:12 Conscription
41:04 Siege Ram
43:26 Scale Mail Armor
44:02 Iron Casting
bibizin008
0:41 Loom
17:36 Feudal Age
18:10 Horse Collar
18:17 Double-Bit Axe
24:37 Castle Age
24:24 Wheelbarrow
30:44 Fletching
30:54 Padded Archer Armor
34:01 Hand Cart
33:31 Town Watch
36:02 Town Patrol
42:09 Imperial Age
41:12 Heavy Plow
41:05 Gold Mining
41:05 Stone Mining
41:28 Bow Saw
43:30 Heavy Scorpion
Mineirinha
0:47 Loom
12:45 Feudal Age
19:00 Castle Age
16:54 Double-Bit Axe
26:42 Horse Collar
28:23 Wheelbarrow
29:05 Heavy Plow
29:18 Bow Saw
29:56 Gold Mining
30:52 Heavy Plow
33:45 Imperial Age
31:31 Pikeman
32:57 Squires
33:20 Caravan
36:12 Halberdier
37:31 Forging
39:08 Chemistry
40:03 Conscription
40:18 Scale Barding Armor
40:49 Iron Casting
Fluffipro
12:29 Feudal Age
11:16 Loom
17:53 Castle Age
16:17 Double-Bit Axe
16:17 Horse Collar
17:25 Loom
21:23 Bow Saw
21:55 Heavy Plow
24:54 Wheelbarrow
27:07 Hand Cart
26:37 Town Watch
27:54 Fletching
30:57 Imperial Age
28:06 Elite Skirmisher
28:37 Light Cavalry
29:21 Husbandry
29:31 Bloodlines
30:41 Caravan
31:27 Szlachta Privileges
33:44 Town Patrol
36:01 Lechitic Legacy
37:32 Ballistics
38:12 Chemistry
37:08 Murder Holes
37:24 Masonry
36:54 Treadmill Crane
37:47 Elite Obuch
38:36 Cavalier
39:47 Thumb Ring
40:52 Arrowslits
42:49 Forging
42:44 Scale Barding Armor
42:43 Scale Mail Armor
luisja94
0:32 Loom
12:55 Feudal Age
17:29 Castle Age
15:33 Horse Collar
16:12 Double-Bit Axe
19:43 Heavy Plow
20:43 Fletching
31:32 Imperial Age
31:32 Chemistry
31:42 Town Watch
32:30 Squires
31:50 Pikeman
33:22 Bow Saw
34:43 Conscription
35:00 Scale Mail Armor
35:11 Forging
36:12 Wheelbarrow
35:56 Houfnice
37:31 Chain Mail Armor
37:51 Iron Casting
39:05 Plate Mail Armor
39:11 Iron Casting
39:21 Halberdier
40:26 Siege Engineers
40:57 Caravan
46:21 Blast Furnace
45:17 Bodkin Arrow
haratass
1:47 Loom
14:09 Feudal Age
19:15 Castle Age
17:21 Double-Bit Axe
19:44 Horse Collar
21:58 Bow Saw
22:40 Stone Mining
22:52 Gold Mining
24:55 Fishing Lines
26:07 Wheelbarrow
25:56 Gillnets
28:00 Bloodlines
28:41 Husbandry
28:54 Masonry
29:00 Heavy Plow
29:59 Gold Shaft Mining
29:29 Fletching
29:39 Padded Archer Armor
30:39 Hand Cart
34:43 Imperial Age
33:05 Ballistics
32:39 Light Cavalry
34:26 Caravan
34:41 Bodkin Arrow
35:01 Leather Archer Armor
36:47 Drill
37:30 Conscription
36:33 Onager
38:02 Siege Engineers
39:31 Hoardings
39:03 Hussar
39:55 Forging
39:51 Scale Barding Armor
40:02 Siege Onager
42:55 Elite Mangudai
44:14 Iron Casting
43:59 Chain Barding Armor
madmonk08
0:27 Loom
0:33 Loom
15:23 Feudal Age
16:39 Wheelbarrow
15:53 Double-Bit Axe
15:50 Horse Collar
21:16 Castle Age
19:16 Gold Mining
19:16 Stone Mining
19:40 Forging
19:36 Scale Barding Armor
19:55 Fletching
22:23 Bloodlines
23:11 Hand Cart
23:23 Bow Saw
23:57 Heavy Plow
25:18 Husbandry
34:05 Imperial Age
32:38 Iron Casting
34:13 Caravan
34:50 Chain Barding Armor
35:13 Conscription
36:10 Plate Barding Armor
35:25 Town Watch
35:26 Cavalier
36:43 Bodkin Arrow
37:51 Paladin
41:47 Bracer
42:21 Crop Rotation
42:54 Two-Man Saw
Connection lost

Rejoining the realm…

Still unreachable

The connection could not be restored.

Session expired

The server has moved on; the page needs a fresh start.